 Dungeon Crawl Stone Soup version 0.21.1-1-g345015f (webtiles) character file.

135 letownia2 the Charmwright (level 5, 38/38 HPs)
             Began as a Merfolk Skald on Mar 14, 2018.
             Quit the game on level 3 of the Dungeon.
             The game lasted 00:05:58 (1416 turns).

letownia2 the Charmwright (Merfolk Skald)           Turns: 1416, Time: 00:05:59

Health: 38/38      AC:  5    Str: 11    XL:     5   Next: 18%
Magic:  8/8        EV: 12    Int: 14    God:
Gold:   246        SH:  0    Dex: 13    Spells: 2/8 levels left

rFire    + . .     SeeInvis .   a - +2 trident (pierce)
rCold    . . .     Gourm    .   (no shield)
rNeg     . . .     Faith    .   l - +2 leather armour {rF+}
rPois    .         Spirit   .   (no helmet)
rElec    .         Reflect  .   (no cloak)
rCorr    .         Harm     .   (no gloves)
MR       .....                  (no boots)
Stlth    +.........             (no amulet)
HPRegen  0.12/turn              (no ring)
MPRegen  0.11/turn              (no ring)

@: no status effects
A: change form in water, swift swim, stealthy swim
a: no special abilities


You were on level 3 of the Dungeon.
You were hungry.

You visited 2 branches of the dungeon, and saw 5 of its levels.

You collected 246 gold pieces.

Inventory:

Hand Weapons
 a - a +2 trident of piercing (weapon)
 i - a +0 spear
 m - a +1 dagger of venom
Armour
 b - a +0 leather armour
 j - a +0 ring mail
 l - a +2 leather armour of fire resistance (worn)
Scrolls
 e - 3 scrolls of amnesia {unknown}
 g - a scroll of identify {unknown}
 n - a scroll of noise {unknown}
Potions
 f - 2 potions of curing {unknown}
 h - 2 potions of degeneration {unknown}
 k - a potion of agility {unknown}
Books
 c - a book of Battle

   Spells                             Type                      Level
   a - Infusion                       Charms                       1
   b - Shroud of Golubria             Charms/Translocation         2
   c - Song of Slaying                Charms                       2
   d - Spectral Weapon                Hexes/Charms                 3
   e - Regeneration                   Charms/Necromancy            3
Comestibles
 d - 3 rations


   Skills:
 - Level 2.1 Fighting
 + Level 4.6 Polearms
 - Level 0.6 Armour
 - Level 2.6 Dodging
 - Level 2.0 Spellcasting
 - Level 1.2 Hexes
 + Level 4.9 Charms
 - Level 1.2 Translocations


You had 2 spell levels left.
You knew the following spells:

 Your Spells              Type           Power        Failure   Level  Hunger
a - Infusion              Chrm           ###.         4%          1    ##.....
t - Shroud of Golubria    Chrm/Tloc      ##........   13%         2    ###....
x - Spectral Weapon       Hex/Chrm       ##......     26%         3    ####...


Dungeon Overview and Level Annotations

Branches:
Dungeon (4/15)             Temple (1/1) D:4

Altars:
Dithmenos
Elyvilon
Fedhas
Gozag
Hepliaklqana
Kikubaaqudgha
Makhleb
Okawaru
Qazlal
Ru
Trog
Uskayaw
Wu Jian
Zin
The Shining One


Message History

No target in view!
No target in view!
No target in view!
No target in view!
No target in view!
No target in view!
No target in view!
No target in view!
No target in view!
There is an escape hatch in the floor here.
You are feeling hungry.
There is an open door here.
There is an open door here.
You open the door.
There is an open door here.
There is an open door here.
Key pressed, stopping explore.
Done exploring.
Done exploring.
Are you sure you want to abandon this character and quit the game? (Confirm with "yes".)

#.........<....#
##.#.#.....)...#
#...#.........#
######...<....#
#....###.#
#....# #.#
##...# #.#
#.#####.#
#.@.....#
#########


There were no monsters in sight!

Vanquished Creatures
  A centaur skeleton (D:3)
  An orc priest (D:3)
  Jessica (D:2)
  An adder (D:2)
  2 worms
  A dart slug (D:1)
  3 orcs
  3 giant cockroaches
  4 goblins
  6 hobgoblins
  A jackal (D:3)
  2 bats
  3 frilled lizards
  4 kobolds
  4 rats
37 creatures vanquished.

Notes
Turn   | Place    | Note
-------+----------+-------------------------------------------
     0 | D:1      | letownia2 the Merfolk Skald began the quest for the Orb.
     0 | D:1      | Reached XP level 1. HP: 16/16 MP: 3/3
   174 | D:2      | Reached XP level 2. HP: 3/22 MP: 0/5
   217 | D:1      | Learned a level 2 spell: Shroud of Golubria
   305 | D:2      | Reached skill level 1 in Translocations
   516 | D:2      | Reached XP level 3. HP: 18/27 MP: 0/6
   521 | D:2      | Learned a level 3 spell: Spectral Weapon
   645 | D:2      | Found an ancient bone altar of Kikubaaqudgha.
   691 | D:2      | Noticed Jessica
   703 | D:2      | Killed Jessica
   703 | D:2      | Reached skill level 1 in Hexes
   703 | D:2      | Reached XP level 4. HP: 20/33 MP: 0/7
   859 | D:4      | Found a staircase to the Ecumenical Temple.
   869 | Temple   | Entered the Ecumenical Temple
  1274 | D:3      | Reached XP level 5. HP: 35/38 MP: 8/8
  1416 | D:3      | Quit the game

Skill      XL: |  1  2  3  4 |
---------------+-------------+-----
Translocations | 1 |  1.2
Charms         | 4 |  4.9
Hexes          | 1 |  1.2
Polearms       | 4 |  4.6
Fighting       | |  2.1
Armour         | |  0.6
Dodging        | |  2.6
Spellcasting   | |  2.0

Action                   |  1- 3 |  4- 6 || total
-------------------------+-------+-------++-------
Melee: Spear             |    75 |       ||    75
       Trident           |    14 |    46 ||    60
 Cast: Infusion          |    11 |       ||    11
       Shroud of Golubri |     6 |     2 ||     8
 Stab: Sleeping          |       |     1 ||     1
  Eat: Chunk             |       |     2 ||     2
Armor: Leather armour    |    15 |     8 ||    23
Dodge: Dodged            |    60 |    24 ||    84
